 Dungeon Crawl Stone Soup version 0.32-a0-329-ge6c31236d6 (webtiles) character file.

Game seed: 1559655840359762641

125787 retardedninja the Severer (level 16, -17/152 HPs)
             Began as a Mountain Dwarf Fighter on Feb 15, 2024.
             Was the Champion of Cheibriados.
             Demolished by a nagaraja
             ... wielding a +0 whip
              (31 damage)
             ... on level 2 of the Snake Pit on Feb 16, 2024.
             The game lasted 00:53:56 (27258 turns).

retardedninja the Severer (Mountain Dwarf Fighter) Turns: 27258, Time: 00:53:58

Health: -17/152    AC: 23    Str: 33    XL:     16   Next: 42%
Magic:  27/38      EV:  5    Int: 33    God:    Cheibriados [******]
Gold:   1343       SH: 15    Dex: 27    Spells: 26/33 levels left

rFire   . . .        G - +9 broad axe (flame)
rCold   . . .        a - +0 kite shield
rNeg    + + .        D - +0 plate armour
rPois   +            s - +1 helmet "Tuta Uhom" {Regen+ Int+2 Dex+3}
rElec   .            q - +0 cloak
rCorr   .            Q - +0 pair of gloves
SInv    +            o - +0 pair of boots
Will    ++...        B - amulet of regeneration Stlth
                     O - ring of Devotion {rPois Will+ MP+9 Str-5 Int+3 SInv}
HPRegen 2.05/turn    S - ring "Telydica" {rPois rN++}
MPRegen 0.26/turn

%: no passive effects
@: lethally poisoned (-17 -> -18), constricted, invisible, very slow
A: runic magic, artefact enchanting
a: Renounce Religion, Bend Time, Temporal Distortion, Slouch, Step From Time


You were on level 2 of the Snake Pit.
You worshipped Cheibriados.
Cheibriados was exalted by your worship.
You visited 7 branches of the dungeon, and saw 27 of its levels.
You also visited: Bailey.

You collected 1952 gold pieces.
You spent 609 gold pieces at shops.

Inventory:

Hand Weapons
 i - a +0 giant spiked club
 G - a +9 broad axe of flaming (weapon)
Armour
 a - a +0 kite shield (worn)
 l - the +4 skin of Zhor {*Englaciate rC+++ SInv}
   (You found it on level 2 of the Lair of Beasts)

   *Englaciate: It radiates cold, occasionally slowing all nearby creatures who
   are not resistant to cold.
   rC+++:     It renders you almost immune to cold.
   SInv:      It lets you see invisible.
 o - a +0 pair of boots (worn)
 q - a +0 cloak (worn)
 s - the +1 helmet "Tuta Uhom" (worn) {Regen+ Int+2 Dex+3}
   (You took it off Robin on level 3 of the Dungeon)

   Int+2:     It affects your intelligence (+2).
   Dex+3:     It affects your dexterity (+3).
   Regen+:    It increases your rate of health regeneration.
 D - a +0 plate armour (worn)
 Q - a +0 pair of gloves (worn)
Jewellery
 j - a ring of fire
 p - a +4 ring of protection
 B - an amulet of regeneration (around neck)
 N - an amulet of the acrobat
 O - the ring of Devotion (left hand) {rPois Will+ MP+9 Str-5 Int+3 SInv}
   (You found it on level 3 of the Lair of Beasts)

   [ring of willpower]

   Str-5:     It affects your strength (-5).
   Int+3:     It affects your intelligence (+3).
   rPois:     It protects you from poison Will+: It increases your willpower.
   MP+9:      It affects your magic capacity (+9).
   SInv:      It lets you see invisible.
 S - the ring "Telydica" (right hand) {rPois rN++}
   (You found it on level 14 of the Dungeon)

   [ring of poison resistance]

   rPois:     It protects you from poison rN++: It greatly protects you from
   negative energy.
 T - the amulet of Suzoval {Spirit Str+3 Dex+4}
   (You found it on level 14 of the Dungeon)

   [amulet of guardian spirit]

   Spirit:    It causes incoming damage to be divided between your reserves of
   health and magic.
   Str+3:     It affects your strength (+3).
   Dex+4:     It affects your dexterity (+4).
Talismans
 m - a granite talisman
 r - a serpent talisman
 K - a blade talisman
Wands
 c - a wand of flame (4)
 t - a wand of charming (14)
 x - a wand of iceblast (21)
 P - a wand of digging (2)
Scrolls
 b - a scroll of revelation
 y - 2 scrolls of poison
 E - 2 scrolls of vulnerability
 H - a scroll of immolation
 L - a scroll of amnesia
 M - 2 scrolls of fog
 W - 2 scrolls of enchant weapon
Potions
 d - a potion of invisibility
 e - 3 potions of brilliance
 f - 5 potions of lignification
 h - 4 potions of enlightenment
 u - 2 potions of mutation
 C - 4 potions of cancellation
Miscellaneous
 k - a phial of floods
 U - a lightning rod (3/4)


   Skills:
 + Level 16.6 Fighting
 + Level 17.8 Axes
 + Level 12.8 Armour
 - Level 12.5 Shields
 * Level 9.2 Spellcasting
 * Level 12.6 Conjurations


You had 26 spell levels left.
You knew the following spells:

 Your Spells              Type           Power      Damage    Failure   Level
a - Stone Arrow           Conj/Erth      100%       3d13      1%          3
b - Brom's Barrelling Bo  Conj/Erth      54%        2d7       4%          4

Your spell library contained the following spells:

 Spells                   Type           Power      Damage    Failure   Level
 Sting                    Conj/Alch      100%       1d9       1%          1
 Hailstorm                Conj/Ice       54%        3d11      1%          3
 Fulminant Prism          Conj/Alch      27%        3d14      4%          4
 Iskenderun's Mystic Bla  Conj/Tloc      54%        2d12      4%          4
 Apportation              Tloc           30%        N/A       7%          1
 Necrotise                Necr           60%        1d7       7%          1
 Sandblast                Erth           30%        2d9       7%          1
 Summon Small Mammal      Summ           60%        N/A       7%          1
 Blink                    Tloc           30%        N/A       10%         2
 Lesser Beckoning         Tloc           30%        N/A       10%         2
 Mercury Vapours          Alch/Air       30%        N/A       10%         2
 Sublimation of Blood     Necr           15%        N/A       10%         2
 Irradiate                Conj/Alch      27%        3d20      14%         5
 Gell's Gravitas          Tloc           15%        N/A       21%         3
 Ozocubu's Armour         Ice            15%        N/A       21%         3
 Passwall                 Erth           15%        N/A       21%         3
 Summon Ice Beast         Ice/Summ       15%        N/A       21%         3
 Teleport Other           Tloc           15%        N/A       21%         3
 Volatile Blastmotes      Fire/Tloc      30%        2d12      21%         3
 Olgreb's Toxic Radiance  Alch           15%        N/A       54%         4
 Petrify                  Alch/Erth      15%        N/A       54%         4
 Metabolic Englaciation   Hex/Ice        7%         N/A       88%         5
 Sculpt Simulacrum        Ice/Alch       7%         N/A       100%        6
 Shatter                  Erth           7%         3d10*     100%        9


Dungeon Overview and Level Annotations

Branches:
Dungeon (15/15)            Temple (1/1) D:4            Lair (5/5) D:10
 Shoals (1/4) Lair:2        Snake (2/4) Lair:2        Slime (0/5) Lair:5
    Orc (2/2) D:10            Elf (1/3) Orc:2        Vaults (0/5) D:14
 Depths (0/4) D:15         Bailey (visited)

Altars:
Ashenzari
Cheibriados
Dithmenos
Elyvilon
Fedhas
Gozag
Hepliaklqana
Kikubaaqudgha
Makhleb
Nemelex Xobeh
Okawaru
Qazlal
Ru
Sif Muna
Trog
Uskayaw
Vehumet
Wu Jian
Xom
Yredelemnul
Zin
The Shining One
Lugonu

Shops:
D:3 [   D:7 *([=   D:10 (   D:13 *   Orc:2 *!*!!   Snake:1 ((   Snake:2 [(

Portals:
Abyss: Lair:5

Annotations:
D:6 1 runed translucent door, zewo's ghost, novice MDFi
D:8 2 transporters
D:11 3 runed translucent doors, exclusion: obsidian statue
Orc:2 3 runed translucent doors, exclusion: obsidian statue, jasper's ghost, journeyman DEAE


Innate Abilities, Weirdness & Mutations

Your spellcasting is much less encumbered by armour.
You can use scrolls of enchantment on lesser artefacts.


Message History

The bolt of poison hits you. You resist.
Activating: Slouch (54% risk of failure)
Press: ? - help, Dir - look around, f - activate You fail to use your ability.
You feel very sick.
You are more poisoned.
The anaconda bites you! The anaconda constricts you.
* * * LOW HITPOINT WARNING * * *
The nagaraja gestures at you while chanting.
The bolt of poison hits you! You resist.
* * * LOW HITPOINT WARNING * * *
The naga warrior spits poison at you. You block the splash of poison.
You block the anaconda's attack. The anaconda constricts you.
* * * LOW HITPOINT WARNING * * *
You fail to use your ability.
You feel very sick.
* * * LOW HITPOINT WARNING * * *
You are more poisoned.
The naga ritualist's toxic aura wanes.
The nagaraja spits poison at you. You block the splash of poison.
The anaconda bites you but does no damage.
The anaconda constricts you. The naga warrior closely misses you.
The naga ritualist prays to its god.
The naga ritualist begins to radiate toxic energy.
You are more poisoned.
The nagaraja hits you with a +0 whip!
* * * LOW HITPOINT WARNING * * *
You feel better.
* * * LOW HITPOINT WARNING * * *
You are poisoned.
The anaconda bites you!
* * * LOW HITPOINT WARNING * * *
The anaconda constricts you.
The anaconda bites you but does no damage.
The anaconda constricts you.
* * * LOW HITPOINT WARNING * * *
The nagaraja hits you with a +0 whip!!
You die...
Cheibriados appreciates the motionlessness of death.

###...### #.....
###..♣..### #..... ..
###.......####..... <..
###.........###.....
....##...ß...ß...##.....
...N#N....ßßß.....#.....
..S.N♣.∩.ß#ß.∩!♣.).####
#NS..?ßßß.....#.####
##N@.ß...ß...##....#
###N........######.#
###.......### #..
###..♣..### ##.
###...### ####. ###.###
###.... ..... #......
....... #......
.######## #..)...


You could see a nagaraja (fast, strong, catching breath), a naga warrior, an
anaconda (unable to see you), a naga ritualist (strong, toxic aura), a black
mamba (unable to see you) and 3 nagas.

Vanquished Creatures
  Rupert (Lair:3)
  Gastronok (D:8)
  An orc warlord (Orc:2)
  Snorg (Lair:5)
  A merfolk javelineer (Lair:2)
  A rakshasa (D:15)
  7 hydras
  2 vault guards (Bailey)
  2 ogre magi
  4 centaur warriors
  3 anacondas (Snake:1)
  3 catoblepae
  A dancing weapon (Elf:1)
  5 two-headed ogres
  9 boulder beetles
  5 orc high priests (Orc:2)
  A tengu warrior (D:13)
  5 naga warriors
  2 thrashing horrors (Lair:5)
  2 shock serpents (Snake:1)
  Amaemon (D:8)
  2 skysharks
  A deep elf knight (Elf:1)
  4 large abominations (Lair:5)
  A salamander mystic (Snake:1)
  3 mana vipers
  2 arcanists (D:13)
  7 orc knights
  9 harpies (Lair:2)
  7 deep elf pyromancers
  10 ugly things
  3 deep elf zephyrmancers (Elf:1)
  6 cyclopes
  A faun (Lair:2)
  2 orc sorcerers
  5 manticores
  A wolf spider (D:14)
  13 elephants
  A kobold blastminer (Orc:2)
  4 meliai
  4 salamanders
  2 guardian serpents (Snake:1)
  6 naga magi
  Joseph (D:7)
  3 torpor snails
  3 smoke demons (Lair:5)
  9 black mambas
  An orange demon (D:8)
  3 gargoyles
  4 yaktaurs (D:14)
  8 cane toads
  Maggie (D:10)
  An efreet (D:15)
  9 rime drakes
  An unseen horror zombie (D:8)
  A kobold demonologist (D:12)
  13 komodo dragons
  3 trolls
  Prince Ribbit (Bailey)
  A raiju (shapeshifter) (D:13)
  21 blink frogs
  4 polar bears
  22 dream sheep
  A raiju (Lair:5)
  9 slime creatures
  A shadow (D:11)
  25 yaks
  A spriggan (Lair:5)
  5 wraiths
  3 vampires
  2 ynoxinuls (Lair:5)
  7 humans (Bailey)
  6 small abominations (Lair:5)
  2 wyverns
  Grum (D:9)
  9 basilisks
  A water elemental (D:11)
  5 vampire mosquitoes
  2 wargs (Orc:2)
  2 steam dragons
  10 nagas
  2 acid dragons
  A chaos spawn (Lair:5)
  16 water moccasins
  35 orc warriors
  2 ice beasts
  3 sky beasts
  A hornet zombie (D:8)
  3 black bears
  3 laughing skulls
  11 ogres
  A boggart (D:14)
  11 wolves
  13 centaurs
  2 phantoms (D:5)
  3 kobold brigands
  4 weeping skulls (D:8)
  30 bullfrogs
  3 scorpions
  A wight (D:8)
  2 electric eels (D:11)
  4 howler monkeys
  3 centaur zombies (D:8)
  3 bombardier beetles
  2 hounds
  2 jellies (D:5)
  Crazy Yiuf (D:2)
  A gnoll bouda (D:7)
  33 orc priests
  A sleepcap (D:6)
  Ijyb (D:3)
  A human zombie (D:8)
  13 orc wizards
  Natasha (thrice) (D:3)
  6 hell rats (Lair:3)
  A mummy (D:8)
  Robin (D:3)
  6 gnolls
  8 adders
  2 river rats (D:10)
  A shadow imp (D:7)
  A white imp (D:6)
  4 ufetubi
  2 dart slugs
  2 ribbon worms (D:2)
  64 orcs
  7 endoplasms
  2 giant cockroaches
  25 goblins
  10 hobgoblins
  2 jackals (D:2)
  11 kobolds
  4 ball pythons
  7 bats
  4 frilled lizards
  5 rats
744 creatures vanquished.

Vanquished Creatures (collateral kills)
  An orc knight (Orc:2)
  An orc warrior (Orc:2)
  A boulder (Snake:2)
3 creatures vanquished.

Vanquished Creatures (others)
  A tengu conjurer (D:13)
  An orc warrior (Orc:2)
  2 orc priests (Orc:2)
  An orc wizard (D:14)
  A quokka (D:14)
  A boulder (Snake:2)
7 creatures vanquished.

Grand Total: 754 creatures vanquished

Notes
Turn   | Place    | Note
-------+----------+-------------------------------------------
     0 | D:1      | retardedninja the Mountain Dwarf Fighter began the quest
                  | for the Orb.
     0 | D:1      | Reached XP level 1. HP: 19/19 MP: 1/1
    75 | D:1      | Reached XP level 2. HP: 26/26 MP: 2/2
   319 | D:1      | Reached skill level 3 in Axes
   371 | D:1      | Reached XP level 3. HP: 33/33 MP: 3/3
   900 | D:2      | Reached XP level 4. HP: 40/40 MP: 4/4
  1550 | D:2      | Found a runed translucent door.
  1551 | D:2      | Noticed Crazy Yiuf
  1675 | D:2      | Killed Crazy Yiuf
  1743 | D:3      | Found Kukhla's Antique Armour Shoppe.
  1781 | D:3      | Reached skill level 4 in Axes
  1791 | D:3      | Reached XP level 5. HP: 44/47 MP: 5/5
  1816 | D:3      | Found an iron altar of Okawaru.
  1817 | D:3      | Found an ancient bone altar of Kikubaaqudgha.
  1819 | D:3      | Found a glowing golden altar of the Shining One.
  1952 | D:3      | Noticed Natasha
  1961 | D:3      | Killed Natasha
  2104 | D:3      | Found a sparkling altar of Nemelex Xobeh.
  2165 | D:3      | Identified the +0 helmet "Tuta Uhom" {Regen+ Int+2 Dex+3}
  2165 | D:3      | Noticed Robin
  2170 | D:3      | Noticed Natasha
  2187 | D:3      | Killed Natasha
  2193 | D:3      | Killed Robin
  2246 | D:3      | Noticed Natasha
  2257 | D:3      | Killed Natasha
  2258 | D:3      | Reached skill level 5 in Fighting
  2258 | D:3      | Reached XP level 6. HP: 56/56 MP: 6/6
  2301 | D:3      | Noticed Ijyb
  2319 | D:3      | Killed Ijyb
  2352 | D:3      | Found a blossoming altar of Fedhas.
  2657 | D:4      | Found a snail-covered altar of Cheibriados.
  2668 | D:4      | Found a hazy altar of Hepliaklqana.
  2678 | D:4      | Became a worshipper of Cheibriados the Contemplative
  2780 | D:4      | Found a staircase to the Ecumenical Temple.
  2784 | D:4      | Noticed a water moccasin
  2794 | D:4      | Killed a water moccasin
  2795 | D:4      | Reached skill level 5 in Axes
  2806 | Temple   | Entered the Ecumenical Temple
  2965 | D:4      | Found a shadowy altar of Dithmenos.
  3072 | D:5      | Entered Level 5 of the Dungeon
  3101 | D:5      | Reached XP level 7. HP: 61/62 MP: 7/7
  3230 | D:5      | Reached skill level 6 in Axes
  3241 | D:5      | Reached skill level 5 in Armour
  3241 | D:5      | Reached skill level 5 in Shields
  3994 | D:5      | Reached * piety under Cheibriados
  4214 | D:5      | Reached XP level 8. HP: 66/71 MP: 8/8
  4443 | D:6      | Reached skill level 7 in Axes
  4648 | D:6      | Found a runed translucent door.
  4651 | D:6      | Noticed zewo's ghost (novice MDFi)
  4652 | D:6      | Noticed a boulder beetle
  4897 | D:6      | Found an opulent altar of Gozag.
  4957 | D:6      | Found a broken altar of Ashenzari.
  4985 | D:6      | Reached skill level 8 in Axes
  5441 | D:6      | Reached ** piety under Cheibriados
  5904 | D:6      | Reached XP level 9. HP: 45/81 MP: 9/9
  6691 | D:7      | Reached skill level 9 in Axes
  6776 | D:7      | Found Kyudwoiwk's Jewellery Shop.
  6807 | D:7      | Found Fumnoymm's Antique Armour Boutique.
  7012 | D:7      | Noticed Joseph
  7024 | D:7      | Reached skill level 10 in Axes
  7032 | D:7      | Killed Joseph
  7414 | D:7      | Found Vamauz's Weapon Shop.
  7423 | D:7      | Bought a +5 broad axe of flaming for 444 gold pieces
  7457 | D:7      | Found Jire's General Store.
  7507 | D:8      | Noticed Amaemon
  7510 | D:8      | Reached XP level 10. HP: 93/93 MP: 10/10
  7510 | D:8      | Noticed an orange demon
  7516 | D:8      | Killed Amaemon
  7517 | D:8      | Reached skill level 10 in Fighting
  7519 | D:8      | Killed an orange demon
  7553 | D:8      | Found a transporter.
  7555 | D:8      | Noticed a centaur warrior
  7557 | D:8      | Noticed a harpy
  7560 | D:8      | Noticed a two-headed ogre
  7569 | D:8      | Reached *** piety under Cheibriados
  7631 | D:8      | Found a transporter.
  7636 | D:8      | a human changed into a black mamba
  7636 | D:8      | Noticed a black mamba (shapeshifter)
  7648 | D:8      | Found a bloodstained altar of Trog.
  7684 | D:8      | Found a stormy altar of Qazlal.
  7862 | D:8      | Noticed Gastronok
  7870 | D:8      | Killed Gastronok
  7871 | D:8      | Reached skill level 11 in Axes
  7871 | D:8      | Reached skill level 1 in Spellcasting
  7871 | D:8      | Reached skill level 1 in Conjurations
  8177 | D:8      | a wolf changed into a cane toad
  8177 | D:8      | Noticed a cane toad (shapeshifter)
  8181 | D:8      | a cane toad changed into a troll
  8219 | D:8      | a glass eye changed into an entropy weaver
  8219 | D:8      | Noticed an entropy weaver (shapeshifter)
  8226 | D:8      | an entropy weaver changed into a human
  8234 | D:8      | Found a glowing silver altar of Zin.
  8332 | D:8      | Found a basalt altar of Yredelemnul.
  8438 | D:9      | Found a sacrificial altar of Ru.
  8533 | D:9      | Found a flagged portal.
  8546 | Bailey   | Entered a bailey
  8564 | Bailey   | Reached XP level 11. HP: 101/102 MP: 13/13
  8566 | Bailey   | Reached **** piety under Cheibriados
  8639 | Bailey   | Noticed Prince Ribbit
  8639 | Bailey   | Noticed a vault guard
  8644 | Bailey   | Killed Prince Ribbit
  8645 | Bailey   | Reached skill level 12 in Axes
  8648 | Bailey   | Killed a vault guard
  8688 | Bailey   | Noticed a vault guard
  8699 | Bailey   | Killed a vault guard
  9200 | D:9      | Noticed Grum
  9212 | D:9      | Killed Grum
  9425 | D:10     | Entered Level 10 of the Dungeon
  9450 | D:10     | Found Ytayrauf's Weapon Shop.
  9451 | D:10     | Found a staircase to the Lair.
  9462 | D:10     | Reached ***** piety under Cheibriados
  9735 | D:10     | Found a staircase to the Orcish Mines.
  9744 | D:10     | Found a shimmering blue altar of Sif Muna.
  9814 | D:10     | Noticed Maggie
  9823 | D:10     | Killed Maggie
  9905 | D:10     | Noticed a two-headed ogre
  9911 | D:10     | Killed a two-headed ogre
 10701 | D:11     | Found a runed translucent door.
 10717 | D:11     | Found a runed translucent door.
 10739 | D:11     | Noticed a red ugly thing
 10779 | D:11     | Killed a red ugly thing
 10780 | D:11     | Reached skill level 13 in Axes
 10840 | D:11     | Noticed a two-headed ogre
 10845 | D:11     | Killed a two-headed ogre
 10846 | D:11     | Reached XP level 12. HP: 96/113 MP: 17/17
 11206 | D:11     | Found a runed translucent door.
 11238 | D:11     | Found a runed translucent door.
 11278 | D:11     | Noticed a boulder beetle
 11286 | D:11     | Killed a boulder beetle
 11655 | D:11     | Learned a level 3 spell: Stone Arrow
 12488 | D:12     | Noticed a two-headed ogre
 12492 | D:12     | Killed a two-headed ogre
 12671 | D:13     | Found Desasid's General Store.
 12846 | D:13     | You fall into a shaft and drop 2 floors!
 12846 | D:15     | Entered Level 15 of the Dungeon
 12846 | D:15     | Found an ornate altar of the Wu Jian Council.
 12864 | D:15     | Noticed a rakshasa
 12884 | D:15     | Killed a rakshasa
 12904 | D:15     | Noticed a seven-headed hydra
 12910 | D:15     | Noticed an ogre mage
 12917 | D:15     | Noticed a two-headed ogre
 12931 | D:15     | Killed a two-headed hydra
 12932 | D:15     | Reached skill level 14 in Axes
 12934 | D:15     | Killed a two-headed ogre
 12936 | D:15     | Killed an ogre mage
 12959 | D:14     | Noticed a five-headed hydra
 12959 | D:14     | Noticed a boulder beetle
 12964 | D:14     | Noticed a centaur warrior
 12966 | D:14     | Found a white marble altar of Elyvilon.
 12973 | D:13     | Noticed a centaur warrior
 12979 | D:13     | Noticed a tengu warrior
 12981 | D:13     | Noticed a boulder beetle
 12982 | D:13     | Killed a tengu warrior
 12991 | D:13     | Killed a boulder beetle
 12992 | D:13     | Reached skill level 10 in Armour
 12992 | D:13     | Reached skill level 5 in Conjurations
 12998 | D:13     | Reached skill level 10 in Shields
 13230 | D:12     | Reached XP level 13. HP: 121/122 MP: 19/19
 13374 | D:13     | Got the Meditations on Manifold Tephra
 13458 | D:13     | Reached ****** piety under Cheibriados
 13917 | D:13     | Identified a scroll of acquirement
 14102 | D:7      | Bought a pair of glowing gloves for 165 gold pieces
 14510 | D:3      | Acquired a manual of Conjurations
 14650 | Lair:1   | Entered Level 1 of the Lair of Beasts
 14806 | Lair:1   | Reached skill level 5 in Spellcasting
 15182 | Lair:1   | Reached skill level 15 in Axes
 15878 | Lair:2   | Found a staircase to the Snake Pit.
 15906 | Lair:2   | Found the +4 skin of Zhor {*Englaciate rC+++ SInv}
 16292 | Lair:2   | Found a staircase to the Shoals.
 16423 | Lair:2   | Found a bloodstained altar of Trog.
 16765 | Lair:3   | Reached XP level 14. HP: 125/133 MP: 22/22
 16894 | Lair:3   | Identified the +3 ring mail of Cheibriados's Delight
                  | {rElec}
 16931 | Lair:3   | Found a dark tunnel.
 17126 | Lair:3   | Identified the ring of Devotion {rPois Will+ MP+9 Str-5
                  | Int+3 SInv}
 17172 | Lair:3   | Noticed Rupert
 17182 | Lair:3   | Killed Rupert
 17431 | Lair:4   | Reached skill level 16 in Axes
 17476 | Lair:4   | Reached skill level 15 in Fighting
 18280 | Lair:5   | Entered Level 5 of the Lair of Beasts
 18685 | Lair:5   | Found a corrupted altar of Lugonu.
 18685 | Lair:5   | Found a one-way gate to the infinite horrors of the Abyss.
 18702 | Lair:5   | Identified the +6 rapier "Suunk" {drain, rC+}
 19096 | Lair:5   | Noticed Snorg
 19099 | Lair:5   | Killed Snorg
 19100 | Lair:5   | Reached XP level 15. HP: 138/143 MP: 25/25
 19114 | Lair:5   | Found a staircase to the Slime Pits.
 19742 | D:14     | Reached skill level 17 in Axes
 19852 | D:14     | Identified the ring "Telydica" {rPois rN++}
 19855 | D:14     | Identified the amulet of Suzoval {Spirit Str+3 Dex+4}
 19969 | D:14     | Reached skill level 10 in Conjurations
 20650 | D:14     | Found a gate to the Vaults.
 20666 | D:14     | Identified the +2 halberd of Foolhardiness {antimagic,
                  | Str+5}
 22185 | Orc:1    | Entered Level 1 of the Orcish Mines
 22449 | Orc:2    | Entered Level 2 of the Orcish Mines
 22503 | Orc:2    | Found a staircase to the Elven Halls.
 22639 | Orc:2    | Found a runed translucent gate.
 22640 | Orc:2    | Found a runed translucent gate.
 22640 | Orc:2    | Found a runed translucent gate.
 22641 | Orc:2    | Found an opulent altar of Gozag.
 22642 | Orc:2    | Noticed jasper's ghost (journeyman DEAE)
 22643 | Orc:2    | Found Ytuwn's Assorted Antiques.
 23481 | Orc:2    | Found Rirosiut's General Store.
 23484 | Orc:2    | Found Weavamic's Distillery.
 23485 | Orc:2    | Found Sacver's Distillery.
 23486 | Orc:2    | Found Mocsinell's Distillery.
 23856 | Snake:1  | Entered Level 1 of the Snake Pit
 24598 | Snake:1  | Learned a level 4 spell: Brom's Barrelling Boulder
 24869 | Snake:1  | Found Deypt's Weapon Emporium.
 24947 | Snake:1  | Found Abbizis's Weapon Shoppe.
 24950 | Snake:1  | Found Ogu Samp's Jewellery Emporium.
 24966 | Snake:1  | Reached XP level 16. HP: 152/152 MP: 28/28
 25129 | Shoals:1 | Entered Level 1 of the Shoals
 25949 | Elf:1    | Entered Level 1 of the Elven Halls
 26142 | Orc:2    | Upgraded the game from 0.32-a0-314-g526f7d4993 to
                  | 0.32-a0-329-ge6c31236d6
 27224 | Snake:2  | Found Uskarph's Weapon Shoppe.
 27227 | Snake:2  | Found Saesow's Antique Armour Emporium.
 27258 | Snake:2  | Demolished by a nagaraja

Illustrated notes

Levels and vault maps discovered:
D:1:      dpeg_arrival_pits, layout_basic, minmay_pentomino_q4
D:2:      layout_loops_corners, uniq_crazy_yiuf_cottage
D:3:      layout_loops_ring, nemelex_diamond_rough_becter,
          grunt_temple_overflow_open, lemuel_crystal_altar, serial_shops,
          nicolae_shop_hallway_stairs, kennysheep_cluttered_room,
          dreamdust_wishing_well, uniq_robin, uniq_ijyb, uniq_natasha
D:4:      layout_basic, grunt_dithmenos_smoke, nicolae_hepliaklqana_hazy_memory,
          kennysheep_little_box, minmay_temple_entry_overgrown,
          chequers_decorated_corner
D:5:      layout_gridville, minivault_26
D:6:      layout_loops_corners, mainiacjoe_overflow_catwalk,
          cheibrodos_ashenzari_chains, ebering_ghost_inner_flame,
          dk_noncrumbling_3, st_stairs_14, hangedman_abyss_or_decor_stagger,
          kennysheep_generic_room_7
D:7:      layout_loops_corners, serial_shops,
          nicolae_shop_pleasant_corner_grove, nicolae_shop_back_alley_shop,
          nicolae_shop_just_a_little_nook, nicolae_lakefront_shop, hex_medium,
          uniq_joseph
D:8:      gammafunk_sealed_arena, layout_loops_ring, grunt_qazlal_clouds,
          lemuel_mausoleum_altar_yredelemnul, mainiacjoe_overflow_tiny_flanked,
          zin_treasury, uniq_gastronok, uniq_amaemon
D:9:      layout_basic, mainiacjoe_overflow_six_doors_small, enter_bailey_5,
          uniq_grum
D:10:     layout_rooms, mainiacjoe_overflow_paths, dpeg_lair_monsters,
          serial_shops, shop, nicolae_straight_to_the_point, uniq_maggie
D:11:     layout_basic, skrybe_limestone_x, hex_tiny,
          chequers_serial_rivers_micro_a, minmay_statue_crystal_thing
D:12:     layout_loops_corners
D:13:     layout_basic, portal_ice_cave_entry_pillars_1, serial_shops, shop
D:14:     layout_irregular_city, hangedman_vaults_entry_quadrant_bands,
          elyvilon_altar_4, serial_rivers, chequers_serial_rivers_micro_c,
          chequers_serial_rivers_marsh, chequers_serial_rivers_small_a,
          chequers_serial_rivers_room_a, chequers_serial_rivers_small_b,
          chequers_serial_rivers_micro_c, minmay_the_grid_square_5x5_3x3_mashed
          [minmay_the_grid_square_5x5_shrine2,
          minmay_the_grid_square_5x5_half_checkered,
          minmay_the_grid_square_5x5_minivault,
          minmay_the_grid_square_5x5_misaligned,
          minmay_the_grid_square_5x5_megaprize_open,
          minmay_the_grid_square_5x5_six, minmay_the_grid_square_5x5_inner_z,
          minmay_the_grid_square_5x5_inner_v,
          minmay_the_grid_square_5x5_inverted_slash]
D:15:     grunt_enter_depths_giant_problem, layout_rooms,
          nzn_wu_jian_contemplation, serial_shops, nicolae_shop_tiny_waterfront
Temple:   nicolae_temple_ecumenical_triangle
Lair:1:   layout_long_grid, infiniplex_staircase_pool_2
Lair:2:   layout_cave_pods, shoals_dummy_entry, guppyfry_snake_entry_island,
          basic_altar, hellmonk_guarded_unrand_zhor
Lair:3:   layout_long_grid, nicolae_volcano_entry_s_turn, beast_lair_carwin_5,
          uniq_rupert
Lair:4:   layout_loops_ring, grunt_forest_large_clearings, grunt_megastairs_3
Lair:5:   hellmonk_lair_end_abyssal_woods, layout_hall_layers, slime_entry_1,
          uniq_snorg
Shoals:1: layout_shoals, serial_shops, nicolae_shop_advertising_works
          [nicolae_subvault_shop_adworks]
Snake:1:  layout_layer_cave, serial_bayou_shore_b, minmay_shop_star
Snake:2:  layout_basic, serial_bayou_pond_c, minmay_shoptagon
Orc:1:    layout_diamond_mine, serial_shops
Orc:2:    st_orc_pillars, layout_caves, ebering_ghost_gozag
Elf:1:    nicolae_elf_arrival_fired_up, layout_gridlike, basic_altar,
          nicolae_elf_crossing_hall, st_stairs_12, grunt_ministairs_6

Skill      XL: |  1  2  3  4  5  6  7  8  9 10 11 12 13 14 15 16 |
---------------+-------------------------------------------------+-----
Axes           | 3 4 5 6 8 10 11 13 14 15 16 17 | 17.8
Fighting       | 4 5 6 8 9 11 12 13 14 15 16 | 16.6
Shields        | 4 5 6 7 8 9 10 11 12 | 12.5
Armour         | 4 5 6 7 8 9 10 11 12 | 12.8
Spellcasting   | 1 3 4 5 6 8 9 |  9.2
Conjurations   | 2 3 5 6 8 11 12 | 12.6

Action                     |  1- 3 |  4- 6 |  7- 9 | 10-12 | 13-15 | 16-18 || total
---------------------------+-------+-------+-------+-------+-------+-------++-------
  Melee: War axe           |   107 |   183 |   360 |       |       |       ||   650
         Broad axe         |       |       |    19 |   445 |   849 |   120 ||  1433
   Cast: Stone Arrow       |       |       |       |     4 |    13 |     1 ||    18
         Brom's Barrelling |       |       |       |       |       |     2 ||     2
 Invoke: Slouch            |       |       |       |     1 |       |       ||     1
  Evoke: Wand              |       |       |     2 |     7 |    12 |     2 ||    23
         Lightning rod     |       |       |       |       |     5 |     1 ||     6
    Use: Potion            |       |     1 |     2 |     5 |     7 |     8 ||    23
         Scroll            |       |     3 |       |    12 |    22 |       ||    37
   Stab: Distracted        |       |       |       |     1 |     1 |       ||     2
 Armour: Scale mail        |     8 |       |       |       |       |       ||     8
         Chain mail        |    73 |   162 |   394 |   294 |       |       ||   923
         Plate armour      |       |       |       |    87 |   939 |   213 ||  1239
  Dodge: Dodged            |    43 |    93 |   149 |   189 |   289 |    60 ||   823
  Block: Buckler           |    24 |    33 |   118 |   146 |   403 |       ||   724
         Kite shield       |       |       |       |       |     2 |   170 ||   172

Table legend: (Time is in decaauts)
 A = Elapsed time spent in this place.
 B = Non-inter-level travel time spent in this place.
 C = Inter-level travel time spent in this place.
 D = Time resting spent in this place.
 E = Time spent auto-exploring this place.
 F = Levels seen in this place.
 G = Mean time per level.
                   A        B        C        D        E       F      G
               +--------+--------+--------+--------+--------+-----+--------+
         Total |  40269 |  35816 |   4453 |   5298 |  23388 |  28 | 1438.2 |
       Dungeon |  23581 |  20972 |   2609 |   3354 |  14330 |  15 | 1572.1 |
        Temple |     83 |     83 |      0 |      0 |     35 |   1 |   83.0 |
          Lair |   9726 |   8715 |   1011 |    926 |   6608 |   5 | 1945.2 |
        Shoals |     12 |     12 |      0 |      0 |      0 |   1 |   12.0 |
     Snake Pit |   3363 |   3042 |    321 |    702 |    960 |   2 | 1681.5 |
  Orcish Mines |   2761 |   2274 |    487 |    295 |   1290 |   2 | 1380.5 |
   Elven Halls |    325 |    303 |     22 |     21 |      0 |   1 |  325.0 |
        Bailey |    416 |    416 |      0 |      0 |    163 |   1 |  416.0 |
               +--------+--------+--------+--------+--------+-----+--------+

Top non-repeatable levels by time:
  Lair:2: 3185 daAuts
    D:10: 3064 daAuts
 Snake:1: 2851 daAuts
     D:6: 2725 daAuts
    D:14: 2321 daAuts
    D:11: 2175 daAuts
    D:12: 2077 daAuts
  Lair:5: 2006 daAuts
   Orc:2: 1896 daAuts
  Lair:1: 1815 daAuts
  Lair:4: 1655 daAuts
     D:7: 1625 daAuts
    D:13: 1598 daAuts
     D:5: 1585 daAuts
     D:8: 1573 daAuts
